 Dungeon Crawl Stone Soup version 0.30-a0-964-gd452b5e7fa (webtiles) character file.

Game seed: 13085272163741432757

101 Lobster4 the Digger (level 4, 0/41 HPs)
             Began as a Troll Earth Elementalist on Mar 30, 2023.
             Slain by an orc priest
             ... wielding a +0 whip
              (5 damage)
             ... on level 2 of the Dungeon.
             The game lasted 00:03:12 (1030 turns).

Lobster4 the Digger (Troll Earth Elementalist)      Turns: 1030, Time: 00:03:13

Health: 0/41       AC:  8    Str: 16    XL:     4   Next: 48%
Magic:  4/5        EV: 10    Int: 13    God:
Gold:   96         SH:  0    Dex: 10    Spells: 3/6 levels left

rFire   . . .      SeeInvis .      - Unarmed
rCold   . . .      Faith    .    (no shield)
rNeg    . . .      Spirit   .    a - +0 robe
rPois   .          Reflect  .    (helmet restricted)
rElec   .          Rampage  .    (no cloak)
rCorr   .                        (gloves unavailable)
Will    .....                    (boots unavailable)
Stlth   +                        (no amulet)
HPRegen 1.06/turn                g - +4 ring of protection
MPRegen 0.09/turn                (no ring)

@: lethally poisoned (0 -> -1)
A: large, unfitting armour, claws 3, regeneration 1, shaggy fur 1, tough skin 1
a: no special abilities


You were on level 2 of the Dungeon.
You visited 1 branch of the dungeon, and saw 2 of its levels.

You collected 96 gold pieces.

Inventory:

Missiles
 c - 7 stones (quivered)
Armour
 a - a +0 robe (worn)
Jewellery
 g - a +4 ring of protection (left claw)
Scrolls
 e - a scroll of vulnerability {unknown}
 f - a scroll of identify {unknown}
 h - a scroll of magic mapping {unknown}
 j - a scroll of fear {unknown}
Potions
 b - a potion of magic
 i - a potion of curing {unknown}


   Skills:
 + Level 1.0 Fighting
 + Level 1.0 Armour
 + Level 2.0 Dodging
 - Level 1.0 Stealth
 + Level 1.4 Unarmed Combat
 + Level 1.6 Spellcasting
 - Level 1.0 Transmutations
 + Level 3.1 Earth Magic


You had 3 spell levels left.
You knew the following spells:

 Your Spells              Type           Power      Damage    Failure   Level
a - Sandblast             Erth           18%        2d7       7%          1
b - Passwall              Tmut/Erth      5%         N/A       17%         2

Your spell library contained the following spells:

 Spells                   Type           Power      Damage    Failure   Level
 Stone Arrow              Conj/Erth      10%        3d7       38%         3
 Petrify                  Tmut/Erth      6%         N/A       73%         4


Dungeon Overview and Level Annotations

Branches:
Dungeon (2/15)

Altars:


Innate Abilities, Weirdness & Mutations

You are too large for most types of armour.
You have claws for hands.
Your natural rate of healing is unusually fast.
You are covered in fur. (AC +1)
You have tough skin. (AC +1)


Message History

The adder barely misses you.
It was a potion of heal wounds.
You feel much better.
You feel sick. The endoplasm freezes you.
You are frozen.
The adder bites you.
You are more poisoned.
The adder poisons you!
You closely miss the adder.
You feel sick. The adder bites you but does no damage.
The endoplasm freezes you.
You are frozen.
You scratch the adder.
The adder is heavily wounded.
You feel sick. The adder barely misses you. The endoplasm freezes you.
You are frozen.
The adder bites you but does no damage.
You claw the adder!
You kill the adder!
You feel sick. The endoplasm freezes you.
You are frozen.
You claw the orc priest!
The orc priest is heavily wounded.
You feel sick. The endoplasm freezes you.
You are frozen.
The orc priest mumbles some strange prayers to Beogh against you.
Pain shoots through your body!
You scratch the orc priest but do no damage.
The orc priest is heavily wounded.
You feel sick. The gnoll hits you but does no damage.
The endoplasm freezes you.
You are frozen.
The orc priest barely misses you.
You scratch the orc priest but do no damage.
The orc priest is heavily wounded.
You feel sick.
The gnoll hits you from afar with a +0 spear!
* * * LOW HITPOINT WARNING * * *
The endoplasm hits you but does no damage.
The orc priest hits you with a +0 whip.
You die...

#######
...###.###...###
...#..#...#.......
#...........#..[##
#.#####.#.###...# ###
#.# #....####.###
...#K......####.)...#
####.#g#####.####.#.#.#
#....Jo#####.##........
#@##.........#....
#.......##...###.#
#..###..####.....# ##.#
#...# ###.... #.###.#.#
#.### #.....#.# #.#
#######.# #. #.# . #.#
.


You could see an orc priest, a gnoll, an endoplasm and a kobold.

Vanquished Creatures
  2 orc wizards (D:2)
  An adder (D:2)
  A dart slug (D:1)
  2 orcs (D:2)
  4 ball pythons
  6 endoplasms
  2 giant cockroaches (D:1)
  3 goblins (D:1)
  4 hobgoblins (D:1)
  2 kobolds (D:1)
  2 quokkas (D:1)
  3 bats (D:1)
  2 frilled lizards (D:1)
  2 rats (D:1)
36 creatures vanquished.

Notes
Turn   | Place    | Note
-------+----------+-------------------------------------------
     0 | D:1      | Lobster4 the Troll Earth Elementalist began the quest for
                  | the Orb.
     0 | D:1      | Reached XP level 1. HP: 16/16 MP: 1/1
   145 | D:1      | Reached XP level 2. HP: 23/24 MP: 3/3
   156 | D:1      | Learned a level 2 spell: Passwall
   419 | D:1      | Reached skill level 1 in Transmutations
   445 | D:1      | Reached XP level 3. HP: 28/32 MP: 4/4
   611 | D:1      | Found a faded altar of an unknown god.
   756 | D:1      | Reached skill level 1 in Unarmed Combat
   984 | D:2      | Reached skill level 3 in Earth Magic
  1021 | D:2      | Reached skill level 1 in Fighting
  1021 | D:2      | Reached skill level 1 in Armour
  1021 | D:2      | Reached XP level 4. HP: 26/41 MP: 5/5
  1030 | D:2      | Slain by an orc priest

Illustrated notes

Levels and vault maps discovered:
D:1:      dpeg_arrival_arbitrary_a, layout_basic,
          shapermc_ecumenical_altar_petra
D:2:      layout_loops_cross, minmay_misc_feat_more_columns,
          amcnicky_mini_corridor_feature, minmay_between

Skill      XL: |  1  2  3 |
---------------+----------+-----
Transmutations | 1 |  1.0
Unarmed Combat | 1 |  1.4
Earth Magic    | 3 |  3.1
Fighting       | 1 |  1.0
Armour         | 1 |  1.0
Dodging        | 2 |  2.0
Stealth        | |  1.0
Spellcasting   | |  1.6

Action                     |  1- 3 |  4- 6 || total
---------------------------+-------+-------++-------
  Melee: Unarmed           |    98 |     8 ||   106
         Punch             |     1 |       ||     1
  Throw: Stone             |     5 |       ||     5
   Cast: Sandblast         |     3 |     1 ||     4
    Use: Potion            |       |     1 ||     1
 Armour: Robe              |    38 |     6 ||    44
  Dodge: Dodged            |    40 |     5 ||    45

Table legend: (Time is in decaauts)
 A = Elapsed time spent in this place.
 B = Non-inter-level travel time spent in this place.
 C = Inter-level travel time spent in this place.
 D = Time resting spent in this place.
 E = Time spent auto-exploring this place.
 F = Levels seen in this place.
 G = Mean time per level.
                   A        B        C        D        E       F      G
               +--------+--------+--------+--------+--------+-----+--------+
         Total |   1030 |    994 |     36 |     18 |    706 |   2 |  515.0 |
       Dungeon |   1030 |    994 |     36 |     18 |    706 |   2 |  515.0 |
               +--------+--------+--------+--------+--------+-----+--------+

Top non-repeatable levels by time:
     D:1: 925 daAuts
     D:2: 104 daAuts
